Map: New Gettysburg LE

Players

Amix - Winner!

  • Race: Zerg Zerg
  • League: Platinum
  • Spawn Location: 5:00

AlphaKevin

  • Race: Protoss Protoss
  • League: Diamond
  • Spawn Location: 7:00

VOD

Have the link to the VOD?

Description

Time

  • Played on: Nov. 12, 2016, 6:09 p.m.
  • Length: 12:32
Show
View Real Time Build Order
Export as new Build Order

Amix Zerg - Winner!

Build Orders: Hatch First 

Get SALT Encoding   

  12  0:03  Drone  
  13  0:09  Drone  
  14  0:18  Overlord  
  14  0:26  Extractor  
  14  0:27  Drone  
  15  0:36  Drone  
  15  0:38  Drone  
  17  0:57  Hatchery  
  16  0:58  Drone  
  17  1:04  Extractor  
  17  1:05  Drone  
  17  1:22  Drone, Spawning Pool  
  17  1:27  Drone  
  18  1:44  Drone x2  
  20  1:54  Drone  
  21  2:06  Drone  
  22  2:09  Queen  
  22  2:10  Queen  
  22  2:11  Overlord  
  26  2:19  Metabolic Boost  
  26  2:27  Drone x2  
  28  2:30  Drone  
  28  2:35  Drone  
  28  2:36  Drone  
  31  2:41  Drone  
  32  2:45  Drone  
  33  2:51  Drone  
  33  2:55  Drone  
  35  3:06  Drone  
  36  3:16  Hatchery  
  35  3:22  Drone  
  35  3:24  Overlord x5  
  36  3:42  Zergling x10  
  41  3:49  Zergling x2  
  41  3:54  Zergling x12  
  48  3:57  Queen  
  48  4:01  Drone  
  48  4:02  Drone  
  52  4:09  Zergling x2  
  53  4:23  Spore Crawler  
  39  4:38  Drone x4  
  39  4:39  Drone x2  
  35  5:23  Zergling x10  
  35  5:24  Zergling x8  
  41  5:29  Lair  
  41  5:33  Spore Crawler  
  41  5:34  Lair  
  41  5:35  Drone x3  
  43  5:40  Queen  
  45  5:55  Zergling x6  
  48  6:00  Drone x2  
  48  6:01  Drone  
  49  6:16  Pneumatized Carapace  
  41  6:33  Zergling x14  
  41  6:34  Zergling x4  
  41  6:36  Queen  
  41  6:37  Queen  
  54  6:44  Extractor x2  
  52  6:49  Spire  
  51  6:59  Queen  
  53  7:02  Drone x2  
  53  7:03  Drone x6  
  61  7:12  Extractor  
  56  7:26  Zergling x16  
  56  7:27  Zergling x2  
  65  7:46  Extractor  
  65  7:48  Extractor  
  65  7:49  Zergling x2  
  65  7:50  Zergling x16  
  72  7:51  Overlord  
  72  7:59  Drone, Hatchery  
  72  8:00  Drone  
  73  8:15  Mutalisk x3  
  79  8:37  Drone x7  
  79  8:38  Drone x3  
  79  8:40  Overlord x6  
  79  8:41  Overlord  
  89  8:44  Overseer  
  89  9:00  Drone x7  
  70  10:04  Mutalisk x9  
  70  10:05  Mutalisk x3  
  88  10:14  Drone x4  
  88  10:15  Drone x9  
  101  10:33  Mutalisk x2  
  105  10:39  Zergling x18  
  114  10:58  Zergling x14  
  109  11:52  Mutalisk x7  
  109  11:53  Mutalisk x7  
Show
View Real Time Build Order
Export as new Build Order

AlphaKevin Protoss 

Build Orders: 1 Gate Expand, Oracle Opening 

Get SALT Encoding   

  12  0:03  Probe (Chrono Boost)  
  13  0:19  Probe (Chrono Boost)  
  14  0:25  Pylon  
  14  0:29  Probe (Chrono Boost)  
  14  0:33  Assimilator  
  15  0:43  Probe (Chrono Boost)  
  15  0:47  Gateway  
  16  0:54  Probe (Chrono Boost)  
  17  1:04  Probe (Chrono Boost)  
  18  1:15  Probe (Chrono Boost)  
  20  1:25  Probe (Chrono Boost)  
  20  1:37  Nexus  
  20  1:44  Cybernetics Core  
  20  1:51  Assimilator  
  20  1:52  Probe (Chrono Boost)  
  21  1:59  Pylon  
  21  2:02  Probe (Chrono Boost)  
  22  2:13  Probe (Chrono Boost)  
  23  2:21  Stargate  
  23  2:24  Probe (Chrono Boost)  
  24  2:34  Mothership Core (Chrono Boost), Adept (Chrono Boost)  
  28  2:39  Warp Gate  
  28  2:51  Probe  
  28  2:55  Probe  
  30  3:01  Pylon  
  30  3:02  Probe  
  33  3:07  Probe  
  32  3:17  Oracle (Chrono Boost)  
  32  3:19  Probe  
  35  3:20  Probe  
  35  3:26  Stalker  
  39  3:29  Probe  
  39  3:32  Probe  
  41  3:37  Robotics Facility  
  41  3:43  Gateway  
  41  3:45  Probe x2  
  43  3:55  Probe  
  43  3:57  Probe  
  43  4:01  Adept  
  47  4:07  Void Ray (Chrono Boost)  
  47  4:09  Probe  
  51  4:10  Probe  
  53  4:23  Probe  
  54  4:36  Probe  
  54  4:39  Observer, Probe  
  54  4:41  Stalker  
  52  4:47  Probe  
  47  5:06  Immortal  
  44  5:11  Adept  
  42  5:27  Probe  
  42  5:29  Probe  
  44  5:38  Stalker  
  44  5:40  Stalker  
  44  5:41  Pylon  
  46  5:51  Forge  
  46  5:55  Forge  
  46  5:58  Probe  
  46  5:59  Probe  
  46  6:01  Pylon  
  48  6:08  Probe  
  48  6:10  Adept  
  51  6:11  Probe  
  44  6:19  Probe  
  44  6:24  Probe  
  46  6:30  Probe  
  46  6:35  Gateway  
  46  6:36  Probe  
  47  6:41  Gateway, Probe  
  48  6:48  Probe  
  49  6:57  Probe  
  49  7:00  Probe  
  51  7:08  Protoss Ground Weapons Level 1 (Chrono Boost)  
  51  7:10  Probe, Protoss Ground Armor Level 1 (Chrono Boost)  
  51  7:12  Probe  
  53  7:22  Probe  
  54  7:37  Probe x2  
  56  7:49  Twilight Council, Probe x2  
  58  8:01  Probe x2  
  60  8:13  Probe  
  60  8:14  Probe  
  60  8:15  Assimilator  
  60  8:16  Assimilator  
  62  8:43  Nexus  
  62  8:47  Assimilator  
  62  8:52  Assimilator  
  62  8:55  Pylon  
  62  8:59  Pylon  
  62  9:13  Probe x2, Void Ray (Chrono Boost)  
  68  9:19  Charge  
  68  9:25  Probe x2  
  66  9:37  Probe, Adept  
  66  9:38  Adept x3  
  67  9:41  Immortal  
  61  9:50  Probe x2  
  61  9:51  Void Ray (Chrono Boost)  
  54  10:02  Probe x2  
  54  10:04  Probe  
  57  10:14  Probe x3  
  60  10:25  Probe  
  60  10:26  Probe x2  
  63  10:38  Probe x2  
  65  10:44  Templar Archives  
  65  10:49  Stalker  
  67  10:50  Stalker x3  
  67  10:52  Immortal  
  67  10:53  Probe  
  67  10:54  Probe x2  
  80  11:06  Probe  
  80  11:11  Pylon  
  81  11:13  Stalker x2  
  81  11:14  Stalker  
  73  11:34  Stalker  
  73  11:37  Void Ray (Chrono Boost)  
  76  11:43  Stalker x2  
  67  11:54  Stalker  
  67  11:58  Stalker  
  55  12:15  Adept  
Tags
 
Add a new tag
Caveats
  • Supply blocks, unpowered buildings, or Contaminate may cause inaccurate times.
  • Supply counts are checked every 10 seconds.